 Dungeon Crawl Stone Soup version 0.28-a0-1404-g4df0f3684d (webtiles) character file.

Game seed: 6982827864017650836

503 HallandMoats the Skirmisher (level 6, 0/56 HPs)
             Began as a Minotaur Fighter on Jan 5, 2022.
             Was an Initiate of Qazlal.
             Slain by Menkaure (14 damage)
             ... on level 4 of the Dungeon.
             The game lasted 00:04:27 (3806 turns).

HallandMoats the Skirmisher (Minotaur Fighter)      Turns: 3806, Time: 00:04:28

Health: 0/56       AC:  9    Str: 20    XL:     6   Next: 96%
Magic:  7/7        EV: 10    Int:  5    God:    Qazlal [......]
Gold:   258        SH:  5    Dex: 12    Spells: 5/5 levels left

rFire   . . .      SeeInvis .   a - +0 war axe
rCold   . . .      Faith    .   c - +0 buckler
rNeg    . . .      Spirit   .   b - +0 scale mail
rPois   .          Reflect  .   (helmet restricted)
rElec   .          Harm     .   (no cloak)
rCorr   .          Rampage  .   o - +0 pair of gloves
Will    .....                   s - +0 pair of boots
Stlth   ..........              (no amulet)
HPRegen 0.18/turn               (no ring)
MPRegen 0.10/turn               (no ring)

@: invisible
A: horns 2, retaliatory headbutt
a: Renounce Religion


You were on level 4 of the Dungeon.
You worshipped Qazlal.
Qazlal was noncommittal.
You visited 1 branch of the dungeon, and saw 4 of its levels.

You collected 258 gold pieces.

Inventory:

Hand Weapons
 a - a +0 war axe (weapon)
Armour
 b - a +0 scale mail (worn)
 c - a +0 buckler (worn)
 o - a +0 pair of gloves (worn)
 s - a +0 pair of boots (worn)
Wands
 q - a wand of iceblast (15)
Scrolls
 d - a scroll of brand weapon {unknown}
 e - 5 scrolls of identify {unknown}
 g - 3 scrolls of teleportation {unknown}
 n - a scroll of fear {unknown}
 p - a scroll of noise {unknown}
 r - a scroll of holy word {unknown}
Potions
 f - a potion of attraction {unknown}
 h - a potion of curing {unknown}
 i - a potion of invisibility
 j - a potion of ambrosia {unknown}
 k - a potion of brilliance {unknown}
 l - a potion of lignification {unknown}


   Skills:
 + Level 5.0 Fighting
 + Level 4.1 Axes
 + Level 5.0 Armour
 + Level 3.1 Dodging
 + Level 4.9 Shields
 + Level 2.8 Invocations


You had 5 spell levels left.
You didn't know any spells.
Your spell library contained the following spells:

 Spells                   Type           Power      Damage    Failure   Level
 Pain                     Necr           0%         1d4       88%         1
 Ensorcelled Hibernation  Hex/Ice        0%         N/A       95%         2
 Spider Form              Tmut/Pois      0%         N/A       99%         3
 Summon Guardian Golem    Hex/Summ       0%         N/A       99%         3
 Tukima's Dance           Hex            0%         N/A       99%         3
 Agony                    Necr           0%         N/A       100%        5
 Excruciating Wounds      Necr           0%         N/A       100%        5
 Enfeeble                 Hex            0%         N/A       100%        7
 Orb of Destruction       Conj           0%         N/A       100%        7
 Spellforged Servitor     Conj/Summ      0%         N/A       100%        7


Dungeon Overview and Level Annotations

Branches:
Dungeon (4/15)
 Temple: D:4-7

Altars:
Gozag
Qazlal
Trog

Annotations:
D:4 Menkaure


Innate Abilities, Weirdness & Mutations

You have a pair of horns on your head.
You reflexively headbutt those who attack you in melee.


Message History

The rat disappears in a puff of smoke! x2
The iron imp disappears in a puff of smoke!
The shadow imp disappears in a puff of smoke!
Your Fighting skill increases to level 5!
Your Axes skill increases to level 4!
Your Armour skill increases to level 5!
Your Dodging skill increases to level 3!
Things that are here:
a +0 rapier; a +0 leather armour You start resting.
Magic restored.
HP restored.
Key pressed, stopping explore.
Found 23 stones.
Menkaure, Prince of Dust comes into view.
Menkaure shouts!
Menkaure is nearby!
Menkaure calls on the powers of darkness!
Your body is wracked with pain!
Menkaure is nearby!
Menkaure is nearby!
Menkaure barely misses you.
Menkaure is nearby!
It was a potion of invisibility.
You fade into invisibility!
Menkaure closely misses you.
You hit Menkaure.
Menkaure is lightly damaged.
Menkaure hits you but does no damage.
You hit Menkaure but do no damage. Your headbutt misses Menkaure.
Menkaure is lightly damaged.
Menkaure hits you.
You hit Menkaure.
Menkaure is moderately damaged.
Menkaure calls on the powers of darkness!
Your body is wracked with pain!
* * * LOW HITPOINT WARNING * * *
You hit Menkaure. Your headbutt misses Menkaure.
Menkaure is moderately damaged.
Menkaure hits you!
You die...

##...##........#....#
#######........#....#
# #........#....#
#..###..##....#
######..##....#
#.........#
+.........#
#.........#
#...##@...#
######.M..# #....#
+....# ######


You could see Menkaure.

Vanquished Creatures
  Grinder (D:4)
  Eustachio (D:4)
  An orc wizard (D:3)
  Terence (D:3)
  A hound skeleton (D:4)
  An adder (D:4)
  A howler monkey skeleton (D:4)
  3 worms
  2 dart slugs
  9 orcs
  6 bats
  5 endoplasms
  6 giant cockroaches
  8 goblins
  7 hobgoblins
  8 jackals
  7 kobolds
  3 quokkas
  8 ball pythons
  4 frilled lizards
  5 rats (D:1)
88 creatures vanquished.

Vanquished Creatures (others)
  A fungus (D:2)
  8 plants (D:1)
  4 toadstools (D:2)
13 creatures vanquished.

Grand Total: 101 creatures vanquished

Notes
Turn   | Place    | Note
-------+----------+-------------------------------------------
     0 | D:1      | HallandMoats the Minotaur Fighter began the quest for the
                  | Orb.
     0 | D:1      | Reached XP level 1. HP: 19/19 MP: 0/0
   160 | D:1      | Reached XP level 2. HP: 22/27 MP: 1/1
   397 | D:1      | Reached skill level 1 in Dodging
   563 | D:1      | Reached skill level 1 in Invocations
   652 | D:1      | Reached XP level 3. HP: 33/33 MP: 2/2
  1222 | D:2      | Found a bloodstained altar of Trog.
  1343 | D:2      | You fall into a shaft and drop 1 floor!
  1352 | D:3      | Found an opulent altar of Gozag.
  1413 | D:3      | Reached XP level 4. HP: 23/40 MP: 2/4
  1579 | D:3      | Noticed Terence
  1587 | D:3      | Killed Terence
  2215 | D:3      | Found a stormy altar of Qazlal.
  2241 | D:3      | Found a faded altar of an unknown god.
  2494 | D:3      | Became a worshipper of Qazlal Stormbringer
  2512 | D:4      | Reached XP level 5. HP: 46/47 MP: 5/5
  2745 | D:4      | Noticed Grinder
  2812 | D:4      | Paralysed by Grinder for 3 turns
  2823 | D:4      | Paralysed by Grinder for 7 turns
  2832 | D:4      | Killed Grinder
  2833 | D:4      | Reached XP level 6. HP: 8/53 MP: 6/6
  3229 | D:4      | Noticed Eustachio
  3596 | D:4      | Killed Eustachio
  3597 | D:4      | Reached skill level 5 in Fighting
  3597 | D:4      | Reached skill level 5 in Armour
  3797 | D:4      | Noticed Menkaure
  3806 | D:4      | Slain by Menkaure

Illustrated notes

Levels and vault maps discovered:
D:1:      shiori_arrival_elements, layout_rooms, serial_bayou_lagoon_a
D:2:      layout_loops_ring, basic_altar, chequers_serial_rivers_small_a,
          minmay_gold_behind_fungi, hangedman_glass_teeth
D:3:      layout_basic, grunt_gozag_breadcrumbs, mainiacjoe_overflow_24_doors,
          chequers_ecumenical_altar_simple_redux, uniq_terence
D:4:      layout_gridville, hex_tiny, minivault_14, uniq_menkaure,
          uniq_eustachio, uniq_grinder

Skill      XL: |  1  2  3  4  5  6 |
---------------+-------------------+-----
Dodging        | 1 2 3 |  3.1
Invocations    | 1 2 |  2.8
Armour         | 4 5 |  5.0
Fighting       | 4 5 |  5.0
Axes           | 3 4 |  4.1
Shields        | 4 |  4.9

Action                   |  1- 3 |  4- 6 || total
-------------------------+-------+-------++-------
Melee: War axe           |    98 |   118 ||   216
       Headbutt          |     8 |    20 ||    28
  Use: Potion            |       |     2 ||     2
Armor: Scale mail        |    55 |    83 ||   138
Dodge: Dodged            |    48 |    88 ||   136
Block: Buckler           |    25 |    43 ||    68

Table legend: (Time is in decaauts)
 A = Elapsed time spent in this place.
 B = Non-inter-level travel time spent in this place.
 C = Inter-level travel time spent in this place.
 D = Time resting spent in this place.
 E = Time spent auto-exploring this place.
 F = Levels seen in this place.
 G = Mean time per level.
                   A        B        C        D        E       F      G
               +--------+--------+--------+--------+--------+-----+--------+
         Total |   3919 |   3725 |    194 |    612 |   2412 |   4 |  979.8 |
       Dungeon |   3919 |   3725 |    194 |    612 |   2412 |   4 |  979.8 |
               +--------+--------+--------+--------+--------+-----+--------+

Top non-repeatable levels by time:
     D:3: 1090 daAuts
     D:1: 1006 daAuts
     D:4: 976 daAuts
     D:2: 845 daAuts
